 Dungeon Crawl Stone Soup version 0.28-a0-1624-g820543e53a (webtiles) character file.

Game seed: 12129976778538275514

32307 grumblor the Cleaver (level 13, -4/68 HPs)
             Began as a Vine Stalker Fighter on Jan 23, 2022.
             Was a High Priest of Sif Muna.
             Killed from afar by Azrael (24 damage)
             ... with a bolt of fire
             ... on level 12 of the Dungeon.
             The game lasted 00:27:48 (13359 turns).

grumblor the Cleaver (Vine Stalker Fighter)        Turns: 13359, Time: 00:27:49

Health: -4/68      AC: 19    Str: 23    XL:     13   Next: 63%
Magic:  0/21       EV: 12    Int: 12    God:    Sif Muna [*****.]
Gold:   1417       SH:  6    Dex: 19    Spells: 12/12 levels left

rFire   . . .      SeeInvis .   D - +1 war axe (vamp)
rCold   + . .      Faith    .   c - +0 buckler
rNeg    + + .      Spirit   +   H - +2 scale mail "Riepsy" {rN++ Regen+ Int+4 Dex+4}
rPois   .          Reflect  .   P - +1 helmet
rElec   .          Harm     .   o - +0 cloak
rCorr   .          Rampage  +   F - +1 pair of gloves
Will    +....                   a - +2 pair of boots {rampage}
Stlth   ..........              E - amulet of Ijit {Acrobat rC+ Regen+}
HPRegen 2.61/turn               u - +4 ring of slaying
MPRegen 0.17/turn               (no ring)

@: channelling
A: fangs 3, regeneration 1, magic shield, antimagic bite, no potion heal 2
a: Renounce Religion, Channel Magic, Forget Spell, Divine Exegesis


You were on level 12 of the Dungeon.
You worshipped Sif Muna.
Sif Muna was extremely pleased with you.
You visited 3 branches of the dungeon, and saw 16 of its levels.
You also visited: Sewer.

You collected 1874 gold pieces.
You spent 457 gold pieces at shops.

Inventory:

Hand Weapons
 f - a +2 hand axe of flaming
 D - a +1 vampiric war axe (weapon)
 G - a +3 war axe
Missiles
 e - 17 poisoned darts (quivered)
 j - 5 javelins
 w - 2 boomerangs
 K - 5 curare-tipped darts
Armour
 a - a +2 pair of boots of rampaging (worn)
 c - a +0 buckler (worn)
 o - a +0 cloak (worn)
 F - a +1 pair of gloves (worn)
 H - the +2 scale mail "Riepsy" (worn) {rN++ Regen+ Int+4 Dex+4}
   (You found it on level 9 of the Dungeon)

   Int:       It affects your intelligence (+4).
   Dex:       It affects your dexterity (+4).
   rN:        It greatly protects you from negative energy.
   Regen:     It increases your rate of health regeneration.
 P - a +1 helmet (worn)
Jewellery
 t - the amulet "Ripollurif" {Reflect Will+ Str+4 SH+5}
   (You acquired it on level 7 of the Dungeon)

   [amulet of reflection]

   It reflects blocked missile attacks.
   Str:       It affects your strength (+4).
   SH:        It affects your SH (+5).
   Will:      It increases your willpower.
 u - a +4 ring of slaying (left hand)
 B - a ring of fire
 E - the amulet of Ijit (around neck) {Acrobat rC+ Regen+}
   (You took it off a kobold on level 7 of the Dungeon)

   [amulet of the acrobat]

   It increases your evasion while moving and waiting.
   rC:        It protects you from cold.
   Regen:     It increases your rate of health regeneration.
 J - a ring of see invisible
Wands
 b - a wand of paralysis (5)
 h - a wand of iceblast (5)
 y - a wand of mindburst (18)
 C - a wand of flame (19)
 L - a wand of acid (6)
Scrolls
 i - 4 scrolls of teleportation
 l - 2 scrolls of fear
 q - 6 scrolls of fog
 v - 3 scrolls of identify
 z - a scroll of blinking
 I - 2 scrolls of enchant armour
 O - a scroll of holy word
Potions
 d - a potion of might
 g - 3 potions of mutation
 k - a potion of cancellation
 m - a potion of berserk rage
 n - 2 potions of curing
 p - a potion of haste
 r - a potion of resistance
 s - 2 potions of lignification
 x - a potion of magic
 A - 4 potions of flight
 M - 8 potions of ambrosia
Miscellaneous
 N - a tin of tremorstones (2/2)


   Skills:
 + Level 8.2 Fighting
 + Level 13.0 Axes
 - Level 2.0 Throwing
 + Level 8.1 Armour
 * Level 4.0 Dodging
 * Level 6.5 Shields
 * Level 9.5 Invocations
 - Level 4.0 Evocations


You had 12 spell levels left.
You didn't know any spells.
Your spell library contained the following spells:

 Spells                   Type           Power      Damage    Failure   Level
 Animate Skeleton         Necr           0%         N/A       67%         1
 Apportation              Tloc           0%         N/A       67%         1
 Beastly Appendage        Tmut           0%         N/A       67%         1
 Foxfire                  Conj/Fire      0%         2x1d4     67%         1
 Freeze                   Ice            0%         1d3       67%         1
 Slow                     Hex            0%         N/A       67%         1
 Sting                    Tmut/Pois      0%         1d3       67%         1
 Summon Small Mammal      Summ           0%         N/A       67%         1
 Passwall                 Tmut/Erth      0%         N/A       80%         2
 Poisonous Vapours        Pois/Air       0%         N/A       80%         2
 Confusing Touch          Hex            0%         N/A       95%         3
 Conjure Flame            Conj/Fire      0%         6-21      95%         3
 Dazzling Flash           Conj/Hex       0%         N/A       95%         3
 Frozen Ramparts          Ice            0%         1d2       95%         3
 Ignite Poison            Fire/Tmut/Pois 0%         N/A       95%         3
 Inner Flame              Hex/Fire       0%         N/A       95%         3
 Mephitic Cloud           Conj/Pois/Air  0%         N/A       95%         3
 Portal Projectile        Hex/Tloc       0%         N/A       95%         3
 Spider Form              Tmut/Pois      0%         N/A       95%         3
 Stone Arrow              Conj/Erth      0%         3d7       95%         3
 Tukima's Dance           Hex            0%         N/A       95%         3
 Vampiric Draining        Necr           0%         2d6       95%         3
 Animate Armour           Summ/Erth      0%         N/A       100%        4
 Flame Wave               Conj/Fire      0%         2d4       100%        4
 Fulminant Prism          Conj/Hex       0%         3d6       100%        4
 Hailstorm                Conj/Ice       0%         3d3       100%        4
 Ice Form                 Ice/Tmut       0%         N/A       100%        4
 Iskenderun's Mystic Bla  Conj/Tloc      0%         2d3       100%        4
 Blade Hands              Tmut           0%         N/A       100%        5
 Excruciating Wounds      Necr           0%         N/A       100%        5
 Freezing Cloud           Conj/Ice/Air   0%         6-21      100%        5
 Silence                  Hex/Air        0%         N/A       100%        5
 Conjure Ball Lightning   Conj/Air       0%         3x3d6     100%        6
 Starburst                Conj/Fire      0%         6d3       100%        6
 Lehudib's Crystal Spear  Conj/Erth      0%         10d2      100%        8


Dungeon Overview and Level Annotations

Branches:
Dungeon (13/15)            Temple (1/1) D:4            Lair (0/6) D:10
    Orc (2/2) D:12            Elf (0/3) Orc:2        Vaults (0/5) D:13
  Sewer (visited)

Altars:
Ashenzari
Cheibriados
Dithmenos
Elyvilon
Fedhas
Gozag
Hepliaklqana
Kikubaaqudgha
Makhleb
Nemelex Xobeh
Okawaru
Qazlal
Ru
Sif Muna
Trog
Uskayaw
Vehumet
Wu Jian
Xom
Yredelemnul
Zin
The Shining One

Shops:
D:1 *   D:2 !:!*   D:9 =   Orc:2 ![[[

Annotations:
D:9 exclusion: ice statue
D:12 Azrael


Innate Abilities, Weirdness & Mutations

You have razor-sharp teeth.
Your natural rate of healing is unusually fast.
When hurt, damage is shared between your health and your magic reserves.
Your bite disrupts and absorbs the magic of your enemies.
Potions cannot restore your health.


Message History

Beogh smites you! The fire elemental hits you. The fire elemental burns you!
Unknown command.
The fire elemental hits you. The fire elemental burns you!
The fire elemental hits you. The fire elemental burns you!
You block Azrael's attack. The fire elemental barely misses you.
You climb upwards.
Reactivating autopickup.
There is a stone staircase leading down here.
The fire elemental barely misses you. The fire elemental misses you.
Azrael hits you with a +2 scimitar of flaming.
Azrael burns you. You block the fire elemental's attack.
You hit Azrael.
Azrael is lightly wounded.
You hit the fire elemental but do no damage.
You barely miss the fire elemental. The fire elemental hits you.
The fire elemental burns you! The fire elemental hits you.
The fire elemental burns you!
* * * LOW HITPOINT WARNING * * *
Azrael hits you with a +2 scimitar of flaming.
* * * LOW HITPOINT WARNING * * *
Azrael burns you. Azrael gestures at you.
The fireball explodes!
The fireball engulfs the fire elemental.
The fire elemental completely resists.
The fireball engulfs you.
* * * LOW HITPOINT WARNING * * *
The fireball engulfs the fire elemental.
The fire elemental completely resists.
The fireball engulfs Azrael.
Azrael completely resists.
The fire elemental completely misses you.
The fire elemental barely misses you.
You hit the fire elemental. Your bite misses the fire elemental.
The fire elemental is heavily damaged.
The fire elemental hits you. The fire elemental burns you!
* * * LOW HITPOINT WARNING * * *
Azrael is momentarily hidden by a cloud of flames.
Azrael gestures at you.
The bolt of fire hits the fire elemental.
The fire elemental completely resists.
The bolt of fire hits you!!!
You die...

................## #..## ##...#
# .........##....## ##..# #....#
#
..#......####...#####..###....##
####......# ##.........##......#
# #......# ##..........#......##
#......###...###..............
#.......#....####.....#.......
##..###........# #....###......
# #..## ##...##.@###°...#
##..... ###..# ##...###.E°○...##
#..... ##...####....####ER○○..#
#..... .#..###.......###..###.#
##...# .#.....###..#..#..## #.##
#....# ....#### ##..#..### ##.#
#...## #.### ##..#.# #.## #...#
### ##.#.# ##.###.### .## ##.##
#.#..###


You could see Azrael and 2 fire elementals.

Vanquished Creatures
  Nessos (D:13)
  8 vault guards (D:13)
  3 centaur warriors (D:13)
  4 two-headed ogres
  Erica (D:9)
  An orc high priest (Orc:2)
  Sonja (D:11)
  3 deep trolls
  2 deep elf pyromancers
  4 orc sorcerers (Orc:2)
  4 ugly things
  A cyclops (D:12)
  A manticore (D:13)
  The ghost of riojii the Changer, a novice OpTm of Makhleb (D:6)
  A centaur zombie (D:11)
  2 kobold demonologists
  2 komodo dragons (D:10)
  A tengu conjurer (D:13)
  2 trolls
  A queen bee (D:11)
  A wraith (D:12)
  3 wyverns
  11 yaks
  2 fire elementals (D:13)
  Grum (D:8)
  A basilisk (D:13)
  2 vampire mosquitoes (D:8)
  A steam dragon (D:9)
  2 wargs
  An acid dragon (D:8)
  Duvessa (D:5)
  2 water moccasins
  4 ice beasts
  19 orc warriors
  A sky beast (D:5)
  6 ogres
  3 wolves
  A necrophage (D:5)
  3 phantoms
  Blork the orc (D:6)
  2 kobold brigands
  7 bullfrogs
  5 scorpions
  A wyvern zombie (D:5)
  A wyvern skeleton (D:7)
  Dowan (D:5)
  28 killer bees
  A troll zombie (D:12)
  A wight (D:8)
  A howler monkey (D:13)
  A bullfrog zombie (D:6)
  A wyvern simulacrum (D:6)
  27 orc priests
  3 hounds
  5 jellies
  A bullfrog skeleton (D:6)
  Ijyb (D:4)
  A scorpion zombie (D:5)
  2 centaur skeletons
  3 iguanas
  39 orc wizards
  2 killer bee zombies
  5 ogre zombies (D:12)
  Robin (D:2)
  9 adders
  3 river rats
  2 shadow imps
  4 white imps
  A howler monkey simulacrum (D:6)
  2 adder skeletons
  3 worms (D:3)
  2 dart slugs
  59 orcs
  12 endoplasms
  9 giant cockroaches
  10 hobgoblins
  8 jackals
  A quokka (D:5)
  10 ball pythons
  6 bats
  8 frilled lizards
  14 goblins
  A goblin zombie (D:12)
  2 hobgoblin zombies (D:12)
  19 kobolds
  2 orc skeletons (D:12)
  14 orc zombies (D:12)
  10 rats
461 creatures vanquished.

Vanquished Creatures (others)
  4 fungi (D:10)
  A plant (D:10)
5 creatures vanquished.

Grand Total: 466 creatures vanquished

Notes
Turn   | Place    | Note
-------+----------+-------------------------------------------
     0 | D:1      | grumblor the Vine Stalker Fighter began the quest for the
                  | Orb.
     0 | D:1      | Reached XP level 1. HP: 11/11 MP: 2/2
   233 | D:1      | Reached XP level 2. HP: 16/16 MP: 3/3
   297 | D:1      | Reached skill level 2 in Axes
   495 | D:1      | Found Nohuoky's Assorted Antiques.
   640 | D:2      | Found Ezaalito's Distillery.
   667 | D:1      | Reached XP level 3. HP: 3/19 MP: 0/4
  1074 | D:2      | Found Fedies's Book Boutique.
  1583 | D:2      | Found Konluif's Distillery.
  1600 | D:2      | Reached skill level 1 in Dodging
  1639 | D:2      | Gained mutation: Your natural rate of healing is unusually
                  | fast. [Vine Stalker growth]
  1639 | D:2      | Reached XP level 4. HP: 17/24 MP: 3/5
  1708 | D:2      | Found Mozipuj's General Store.
  1802 | D:2      | Noticed Robin
  1810 | D:2      | Killed Robin
  1991 | D:3      | Found an ornate altar of the Wu Jian Council.
  2228 | D:3      | Found an opulent altar of Gozag.
  2245 | D:3      | Reached XP level 5. HP: 28/28 MP: 4/6
  2456 | D:3      | Reached skill level 3 in Axes
  2523 | D:3      | Noticed a moth of wrath
  2526 | D:3      | Found a bloodstained altar of Trog.
  2589 | D:3      | Reached skill level 1 in Throwing
  2712 | D:4      | Reached XP level 6. HP: 32/32 MP: 7/7
  2800 | D:4      | Noticed Ijyb
  2827 | D:4      | Killed Ijyb
  2924 | D:4      | Found a hazy altar of Hepliaklqana.
  2994 | D:4      | Noticed a torpor snail
  2995 | D:4      | Found a snail-covered altar of Cheibriados.
  2996 | D:4      | Noticed a torpor snail
  2996 | D:4      | Noticed a torpor snail
  3230 | D:4      | Reached skill level 4 in Axes
  3230 | D:4      | Reached XP level 7. HP: 29/34 MP: 8/8
  3254 | D:4      | Found a staircase to the Ecumenical Temple.
  3265 | Temple   | Entered the Ecumenical Temple
  3329 | Temple   | Became a worshipper of Sif Muna the Loreminder
  3691 | D:5      | Entered Level 5 of the Dungeon
  3750 | D:5      | Found a glowing drain.
  3800 | Sewer    | Entered a sewer
  3872 | Sewer    | Reached * piety under Sif Muna
  3921 | Sewer    | Found a viscous altar of Jiyva.
  3924 | Sewer    | Reached skill level 1 in Invocations
  3924 | Sewer    | Reached skill level 1 in Evocations
  4246 | D:5      | Reached skill level 5 in Axes
  4246 | D:5      | Gained mutation: You have razor-sharp teeth. [Vine Stalker
                  | growth]
  4246 | D:5      | Reached XP level 8. HP: 42/42 MP: 10/10
  4443 | D:5      | Noticed Dowan
  4445 | D:5      | Noticed Duvessa
  4472 | D:5      | Killed Duvessa
  4476 | D:5      | Killed Dowan
  5049 | D:6      | Noticed Blork the orc
  5057 | D:6      | Killed Blork the orc
  5058 | D:6      | Reached skill level 6 in Axes
  5058 | D:6      | Reached XP level 9. HP: 45/45 MP: 12/12
  5072 | D:6      | Reached ** piety under Sif Muna
  5177 | D:6      | Noticed riojii's ghost (novice OpTm)
  5285 | D:6      | Found a runed translucent gate.
  5285 | D:6      | Found a runed translucent gate.
  5285 | D:6      | Found a runed translucent gate.
  5329 | D:6      | Found a burning altar of Makhleb.
  5384 | D:6      | Killed riojii's ghost
  5528 | D:6      | Found a glowing golden altar of the Shining One.
  5667 | D:6      | Found a blossoming altar of Fedhas.
  5670 | D:6      | Found a white marble altar of Elyvilon.
  5673 | D:6      | Found a radiant altar of Vehumet.
  5774 | D:7      | Reached skill level 7 in Axes
  5775 | D:7      | Identified a scroll of acquirement
  5775 | D:7      | Acquired the amulet "Ripollurif" {Reflect Will+ Str+4 SH+5}
  6094 | D:7      | Identified the amulet of Ijit {Acrobat rC+ Regen+}
  6106 | D:7      | Reached *** piety under Sif Muna
  6107 | D:7      | Reached XP level 10. HP: 36/51 MP: 9/14
  6453 | D:8      | Noticed Grum
  6480 | D:8      | Reached skill level 5 in Armour
  6489 | D:8      | Killed Grum
  6836 | D:8      | Reached skill level 5 in Fighting
  6863 | D:8      | Reached skill level 5 in Invocations
  6940 | D:8      | Reached skill level 8 in Axes
  7354 | D:9      | Identified the +2 scale mail "Riepsy" {rN++ Regen+ Int+4
                  | Dex+4}
  7372 | D:9      | Noticed a deep troll
  7372 | D:9      | Noticed a deep troll
  7378 | D:9      | Noticed a deep troll
  7383 | D:9      | Killed a deep troll
  7407 | D:8      | Killed a deep troll
  7465 | D:9      | Killed a deep troll
  7466 | D:9      | Reached skill level 5 in Shields
  7476 | D:9      | Found the necklace of Bloodlust {*Rage Will++ Int-3 Slay+6}
  7591 | D:9      | Reached XP level 11. HP: 55/56 MP: 14/16
  7598 | D:9      | Reached **** piety under Sif Muna
  7599 | D:9      | Reached skill level 9 in Axes
  7782 | D:9      | Found a basalt altar of Yredelemnul.
  7782 | D:9      | Found Xycwoopu's Jewellery Emporium.
  7999 | D:8      | Noticed a red ugly thing
  8014 | D:8      | Killed a red ugly thing
  8047 | D:8      | Noticed a deep elf pyromancer
  8088 | D:8      | HP: 1/56 [fire elemental[a deep elf pyromancer] (6)]
  8115 | D:8      | Killed a deep elf pyromancer
  8459 | D:9      | Noticed Erica
  8466 | D:9      | Killed Erica
  8611 | D:10     | Entered Level 10 of the Dungeon
  8738 | D:10     | Noticed a two-headed ogre
  8764 | D:10     | Killed a two-headed ogre
  8830 | D:10     | Reached skill level 10 in Axes
  9038 | D:10     | Reached ***** piety under Sif Muna
  9070 | D:10     | Received a gift from Sif Muna
  9077 | D:10     | Got Sif Muna's Tome of Aerial Moulding {god gift}
  9185 | D:10     | Found a sacrificial altar of Ru.
  9306 | D:10     | Found a staircase to the Lair.
  9413 | D:11     | Noticed a green ugly thing
  9425 | D:11     | Killed a green ugly thing
  9462 | D:11     | Noticed Sonja
  9491 | D:11     | Killed Sonja
  9492 | D:11     | Reached XP level 12. HP: 12/62 MP: 9/18
  9651 | D:11     | Noticed a two-headed ogre
  9661 | D:11     | Killed a two-headed ogre
  9839 | D:11     | Reached skill level 11 in Axes
 10305 | D:12     | Noticed a two-headed ogre
 10314 | D:12     | Killed a two-headed ogre
 10794 | D:12     | Found a staircase to the Orcish Mines.
 11292 | Orc:1    | Entered Level 1 of the Orcish Mines
 11530 | Orc:1    | Received a gift from Sif Muna
 11538 | Orc:1    | Got Sif Muna's Almanac of the Hurtful Oath {god gift}
 11562 | Orc:1    | Found a burning altar of Makhleb.
 11782 | Orc:2    | Entered Level 2 of the Orcish Mines
 11906 | Orc:2    | Found a staircase to the Elven Halls.
 12011 | Orc:2    | Noticed an orc high priest
 12018 | Orc:2    | Killed an orc high priest
 12090 | Orc:2    | Reached skill level 12 in Axes
 12090 | Orc:2    | Noticed a soul eater
 12110 | Orc:2    | Received a gift from Sif Muna
 12123 | Orc:2    | Got Etylet's Catalogue of Transformation {god gift}
 12163 | Orc:2    | Found Xeghet's Antique Armour Shoppe.
 12163 | Orc:2    | Found Oreoduar's Distillery.
 12191 | Orc:2    | Noticed a two-headed ogre
 12201 | Orc:2    | Killed a two-headed ogre
 12202 | Orc:2    | Reached XP level 13. HP: 47/67 MP: 12/20
 12379 | Orc:2    | Found Burruuc's Antique Armour Emporium.
 12384 | Orc:2    | Found Pauvufux's Armour Shoppe.
 12387 | Orc:2    | Bought a pair of glowing boots for 187 gold pieces
 12394 | Orc:2    | Bought a runed helmet for 270 gold pieces
 12900 | D:13     | Noticed a vault guard
 12900 | D:13     | Noticed a vault guard
 12900 | D:13     | Noticed a vault guard
 12900 | D:13     | Noticed a vault guard
 12901 | D:13     | Found a gate to the Vaults.
 12901 | D:13     | Noticed a vault guard
 12901 | D:13     | Noticed a vault guard
 12901 | D:13     | Noticed a vault guard
 12901 | D:13     | Noticed a vault guard
 12908 | D:13     | Killed a vault guard
 12920 | D:13     | Killed a vault guard
 12933 | D:13     | Killed a vault guard
 12951 | D:13     | Killed a vault guard
 12973 | D:13     | Killed a vault guard
 12995 | D:13     | Killed a vault guard
 13007 | D:13     | Killed a vault guard
 13020 | D:13     | Killed a vault guard
 13223 | D:13     | Noticed Nessos
 13235 | D:13     | Killed Nessos
 13236 | D:13     | Reached skill level 13 in Axes
 13336 | D:13     | Noticed Azrael
 13359 | D:12     | Killed from afar by Azrael

Illustrated notes

Levels and vault maps discovered:
D:1:      grunt_arrival_crossed_arrows, layout_basic, serial_shops,
          nicolae_shop_waterfront, serial_park_tiny_1
D:2:      layout_rooms, serial_shops, shop, shop_fountains, shop_statue, shop,
          uniq_robin
D:3:      layout_basic, tgw_trog, nicolae_gozag_seed_capital,
          nicolae_wu_jian_wuxing_cycle
D:4:      layout_loops_ring, cheibriados_altar_2, amcnicky_altar_gilded,
          minmay_temple_entry_wispy, uniq_ijyb
D:5:      layout_basic, portal_sewer_entry_b, uniq_duvessa
D:6:      layout_cave_pools, nicolae_tso_swordbearing_angel,
          kennysheep_little_box, grunt_temple_overflow_diamond,
          gammafunk_ghost_icy, uniq_blork_the_orc
D:7:      layout_loops_ring
D:8:      cheibrodos_elevator_heist, layout_gridville, uniq_grum
D:9:      lemuel_ice_statue, layout_basic, mainiacjoe_overflow_alcove_1,
          serial_shops, nicolae_shop_window_shopping,
          hellmonk_guarded_unrand_vitality_bloodlust, uniq_erica
D:10:     minmay_flawed_box, layout_cave_pools, marbit_many_paths,
          grunt_lair_entry_orc_guard_hut
D:11:     layout_roguey [special_room_bee], uniq_sonja
D:12:     layout_layer_cave, zombieorc1_lemuel
D:13:     layout_irregular_city, erik_vaults_2, uniq_azrael, uniq_nessos
Temple:   eino_wide_crystal_templ
Orc:1:    layout_diamond_mine, basic_altar
Orc:2:    st_orc_mages, layout_caves

Skill      XL: |  1  2  3  4  5  6  7  8  9 10 11 12 13 |
---------------+----------------------------------------+-----
Axes           | 2 3 4 5 6 7 8 10 12 13 | 13.0
Fighting       | 3 4 5 6 7 8 |  8.2
Shields        | 3 4 5 6 |  6.5
Dodging        | 1 2 3 4 |  4.0
Throwing       | 1 2 |  2.0
Armour         | 3 4 5 6 7 8 |  8.1
Invocations    | 1 3 4 5 7 8 9 |  9.5
Evocations     | 1 2 4 |  4.0

Action                   |  1- 3 |  4- 6 |  7- 9 | 10-12 | 13-15 || total
-------------------------+-------+-------+-------+-------+-------++-------
Melee: War axe           |    79 |   163 |   268 |   622 |   202 ||  1334
       Bite              |    13 |    42 |    79 |   224 |    81 ||   439
Throw: Dart              |       |     2 |       |    33 |       ||    35
Invok: Channel Magic     |       |       |       |     4 |     1 ||     5
Evoke: Wand              |       |       |       |     5 |       ||     5
  Use: Scroll            |     1 |     4 |    10 |     7 |       ||    22
       Potion            |       |       |       |     3 |       ||     3
Armor: Scale mail        |    38 |    76 |   111 |   214 |    60 ||   499
       Plate armour      |       |       |       |    29 |       ||    29
Dodge: Dodged            |    54 |    89 |   104 |   303 |    80 ||   630
Block: Buckler           |    23 |    40 |    74 |   216 |    48 ||   401
       Reflection        |       |       |       |     2 |       ||     2

Table legend: (Time is in decaauts)
 A = Elapsed time spent in this place.
 B = Non-inter-level travel time spent in this place.
 C = Inter-level travel time spent in this place.
 D = Time resting spent in this place.
 E = Time spent auto-exploring this place.
 F = Levels seen in this place.
 G = Mean time per level.
                   A        B        C        D        E       F      G
               +--------+--------+--------+--------+--------+-----+--------+
         Total |  13606 |  12853 |    753 |    770 |   8710 |  17 |  800.4 |
       Dungeon |  11718 |  11088 |    630 |    770 |   7507 |  13 |  901.4 |
        Temple |     86 |     47 |     39 |      0 |     40 |   1 |   86.0 |
  Orcish Mines |   1493 |   1409 |     84 |      0 |    970 |   2 |  746.5 |
         Sewer |    308 |    308 |      0 |      0 |    193 |   1 |  308.0 |
               +--------+--------+--------+--------+--------+-----+--------+

Top non-repeatable levels by time:
    D:12: 1337 daAuts
     D:5: 1120 daAuts
     D:8: 1106 daAuts
     D:2: 1070 daAuts
     D:9: 1053 daAuts
     D:4: 963 daAuts
     D:1: 934 daAuts
   Orc:2: 895 daAuts
    D:10: 743 daAuts
     D:3: 736 daAuts
     D:7: 731 daAuts
     D:6: 718 daAuts
    D:11: 689 daAuts
   Orc:1: 598 daAuts
    D:13: 512 daAuts
